 Dungeon Crawl Stone Soup version 0.27-a0-732-ga892ba84f6 (webtiles) character file.

Game seed: 4909855679497023401

31 sleeves the Slasher (level 3, 0/20 HPs)
             Began as a Deep Elf Wanderer on Mar 23, 2021.
             Was an Initiate of Gozag.
             Slain by a jackal (2 damage)
             ... on level 1 of the Dungeon.
             The game lasted 00:02:51 (1875 turns).

sleeves the Slasher (Deep Elf Wanderer)             Turns: 1875, Time: 00:02:51

Health: 0/20       AC:  5    Str: 11    XL:     3   Next: 7%
Magic:  18/18      EV: 10    Int: 17    God:    Gozag
Gold:   46         SH:  0    Dex: 12    Spells: 7/8 levels left

rFire    . . .     SeeInvis .   a - +2 falchion
rCold    . . .     Faith    .   (no shield)
rNeg     . . .     Spirit   .   g - +0 ring mail
rPois    .         Reflect  .   (no helmet)
rElec    .         Harm     .   (no cloak)
rCorr    .         Rampage  .   (no gloves)
Will     .....                  (no boots)
Stlth    +.........             (no amulet)
HPRegen  0.06/turn              d - ring of magical power
MPRegen  0.16/turn              (no ring)

@: no status effects
A: no striking features
a: Renounce Religion, Potion Petition, Call Merchant, Bribe Branch


You were on level 1 of the Dungeon.
You worshipped Gozag.
Gozag was noncommittal.
You visited 1 branch of the dungeon, and saw 2 of its levels.

You collected 68 gold pieces.
You paid 22 gold pieces to Gozag.

Inventory:

Hand Weapons
 a - a +2 falchion (weapon)
 e - a +0 dagger
 l - a +0 long sword
   (You found it on level 2 of the Dungeon)
Armour
 g - a +0 ring mail (worn)
   (You found it on level 1 of the Dungeon)
Jewellery
 d - a ring of magical power (right hand)
   (You found it on level 1 of the Dungeon)
Scrolls
 b - a scroll of teleportation
 f - 2 scrolls of identify {unknown}
 i - a scroll of enchant weapon {unknown}
 j - a scroll of blinking {unknown}
 k - a scroll of noise {unknown}
Potions
 c - 2 potions of resistance {unknown}
 h - a potion of haste {unknown}


   Skills:
 - Level 1.5 Fighting
 + Level 3.2 Long Blades
 + Level 0.2 Dodging
 - Level 2.4 Stealth
 - Level 1.0 Shields
 - Level 3.0 Spellcasting
 - Level 1.1 Transmutations


You had 7 spell levels left.
You knew the following spells:

 Your Spells              Type           Power      Damage    Failure   Level
a - Corona                Hex            2%         N/A       38%         1

Your spell library contained the following spells:

 Spells                   Type           Power      Damage    Failure   Level
 Inner Flame              Hex/Fire       2%         N/A       77%         3


Dungeon Overview and Level Annotations

Branches:
Dungeon (2/15)

Altars:
Gozag


Message History

Welcome, sleeves the Deep Elf Wanderer.
It is said that the Orb of Zot exists deep within this dungeon.
Press ? for a list of commands and other information.
Found 3 curare-tipped darts and 21 stones.
Found a staircase leading out of the dungeon.
You begin with the following items: a +2 falchion, a scroll of teleportation, a +0 robe, a +0 dagger; and the following spell memorised: Corona; and the following spells available to memorise: Inner Flame.
Okay, then.
A goblin comes into view. It is wielding a +0 dagger.
A goblin is nearby!
You closely miss the goblin. The goblin hits you with a +0 dagger.
You slash the goblin!
You kill the goblin!
You start resting.
HP restored.
A ball python comes into view.
A ball python is nearby!
A ball python is nearby!
The helpless ball python fails to defend itself.
You hit the ball python.
You kill the ball python!
Your Long Blades skill increases to level 2!
Unknown command.
Found a stone staircase leading down.
Found 19 bolts.
You see here 19 bolts.
You open the door.
There is an open door here.
You now have 10 gold pieces.
Found a leather armour.
Found an escape hatch in the floor.
Found a granite ring.
You see here a +0 leather armour.
c - a +0 leather armour You start removing your armour.
You continue taking off your +0 robe. x4
You finish taking off your +0 robe.
You start putting on your armour.
You continue putting on your +0 leather armour. x5
You finish putting on your +0 leather armour.
Drop what? 5/52 slots (_ for help) (? for menu, Esc to quit)
You drop a +0 robe.
A ball python comes into view.
A ball python is nearby!
The ball python hisses angrily.
You hit the ball python.
You kill the ball python!
No target in view!
d - a ring of magical power You feel your magic capacity increase.
d - a ring of magical power (right hand) Magic restored.
You open the door.
There is an open door here.
A giant cockroach comes into view.
A giant cockroach is nearby!
A giant cockroach is nearby!
You hit the giant cockroach.
The giant cockroach is severely wounded.
The giant cockroach closely misses you.
You hit the giant cockroach.
You kill the giant cockroach!
No target in view!
No target in view!
No target in view!
No target in view!
No target in view!
No target in view!
You see here a giant cockroach corpse.
A bat comes into view.
A bat is nearby!
A bat is nearby!
Found 23 arrows.
The helpless bat fails to defend itself.
You hit the bat.
You kill the bat!
No target in view!
No target in view!
No target in view!
No target in view!
No target in view!
No target in view!
No target in view!
You see here 23 arrows.
You see here a bat corpse.
A bat comes into view.
A bat is nearby!
A bat is nearby!
The bat hits you but does no damage.
You hit the bat.
You kill the bat!
No target in view!
No target in view!
No target in view!
No target in view!
You see here a bat corpse.
A hobgoblin comes into view.
A hobgoblin is nearby!
A hobgoblin is nearby!
The hobgoblin shouts!
You hit the hobgoblin.
The hobgoblin is almost dead.
The hobgoblin closely misses you.
You riposte.
You hit the hobgoblin.
You kill the hobgoblin!
No target in view!
No target in view!
No target in view!
An ooze comes into view.
An ooze is nearby!
An ooze is nearby!
The ooze quivers.
You hit the ooze.
The ooze is moderately wounded.
The ooze hits you but does no damage.
You hit the ooze.
You kill the ooze!
You have reached level 2!
A bat comes into view.
A bat is nearby!
A bat is nearby!
A bat is nearby!
The bat hits you but does no damage. The bat hits you but does no damage. x3
You miss the bat. The bat closely misses you.
The bat hits you but does no damage. The bat closely misses you.
You riposte.
You miss the bat. The bat hits you but does no damage.
You hit the bat.
You kill the bat!
No target in view!
A bat comes into view.
A bat is nearby!
A bat is nearby!
The bat barely misses you. The bat hits you but does no damage.
The bat hits you. The bat barely misses you.
You barely miss the bat. The bat hits you but does no damage. The bat hits you.
The bat barely misses you.
You slash the bat!
You kill the bat!
No target in view!
No target in view!
No target in view!
You see here 3 curare-tipped darts.
Found 17 arrows.
You see here 17 arrows.
You open the door.
There is an open door here.
Found a stone staircase leading down.
There is a stone staircase leading down here.
You open the door.
There is an open door here.
You now have 22 gold pieces (gained 12).
A quokka comes into view.
The quokka misses you.
You slash the quokka!
You kill the quokka!
No target in view!
No target in view!
An ooze comes into view.
An ooze is nearby!
An ooze is nearby!
A ball python comes into view.
The ball python hisses angrily.
The ooze quivers.
You hear a shout!
A hobgoblin comes into view.
The hobgoblin shouts!
The ooze hits you but does no damage. The ball python bites you.
The ball python barely misses you.
You hit the ooze.
The ooze is almost dead.
The ooze hits you but does no damage. The ball python bites you.
The ball python grabs you. The ball python constricts you.
You hit the ball python.
You kill the ball python!
The ooze closely misses you.
You hit the ooze.
You kill the ooze!
You hit the hobgoblin.
You kill the hobgoblin!
No target in view!
No target in view!
f - a scroll labelled CALLEUFOPA
Found a stone staircase leading down.
There is a stone staircase leading down here.
You now have 36 gold pieces (gained 14).
Found a ring mail.
A rat comes into view.
You see here a +0 ring mail.
g - a +0 ring mail
Found a golden potion.
The helpless rat fails to defend itself.
You hit the rat.
The rat is heavily wounded.
The rat bites you but does no damage.
You closely miss the rat.
The rat is heavily wounded.
The rat bites you but does no damage.
You hit the rat.
You kill the rat!
No target in view!
You start removing your armour.
You continue taking off your +0 leather armour. x4
You finish taking off your +0 leather armour.
You start putting on your armour.
You continue putting on your +0 ring mail. x5
You finish putting on your +0 ring mail.
Drop what? 7/52 slots (_ for help) (? for menu, Esc to quit)
You drop a +0 leather armour.
A rat comes into view.
A rat is nearby!
A rat is nearby!
A rat is nearby!
The rat bites you but does no damage.
You hit the rat.
The rat is heavily wounded.
The rat bites you but does no damage.
You hit the rat.
You kill the rat!
c - a golden potion No target in view!
You open the door.
There is an open door here.
Found a trident.
There is a stone staircase leading down here.
You open the door.
There is an open door here.
You open the door.
There is an open door here.
Key pressed, stopping explore.
No target in view!
No target in view!
You open the door.
There is an open door here.
h - a coppery potion
There is an open door here.
i - a scroll labelled WIDADW GAALI You open the door.
There is an open door here.
As you open the door, it creaks loudly!
There is an open door here.
There is an open door here.
You open the door.
There is an open door here.
There is an open door here.
Done exploring.
Done exploring.
Done exploring.
Done exploring.
Done exploring.
(D) Dungeon
Where to? (? - help)
There is a stone staircase leading down here.
You climb downwards.
A bat and a kobold come into view.
The kobold shouts!
There is a stone staircase leading up here.
The kobold hits you with a +0 short sword.
You hit the kobold but do no damage. The bat completely misses you.
The kobold barely misses you.
You barely miss the kobold. The bat hits you but does no damage.
The bat closely misses you.
The kobold hits you with a +0 short sword.
You closely miss the kobold. The bat hits you but does no damage.
The kobold closely misses you.
You closely miss the kobold.
The kobold hits you with a +0 short sword.
You are too injured to fight recklessly!
You are too injured to fight recklessly!
You are too injured to fight recklessly!
You hit the kobold.
You kill the kobold!
The bat hits you but does no damage. The bat closely misses you.
You riposte.
You hit the bat.
You kill the bat!
You start resting.
HP restored.
A ball python comes into view.
Found a gold piece and a scroll labelled AWOME TOUPOTEQ.
A ball python is nearby!
A ball python is nearby!
No target in view!
Found a gold piece and a scroll labelled XYPTUL YVIPH.
Found 2 gold pieces.
The ball python hisses angrily.
Found an opulent altar of Gozag.
A kobold comes into view. It is wielding a +0 dagger.
The ball python misses you. The ball python grabs you.
The ball python constricts you. The ball python bites you.
The ball python constricts you.
Found a gold piece.
You hit the ball python.
The ball python is heavily wounded.
The ball python bites you but does no damage.
The ball python constricts you.
You slash the ball python!
You kill the ball python!
You see here a ball python corpse.
You hit the kobold.
You kill the kobold!
Your Long Blades skill increases to level 3!
No target in view!
No target in view!
No target in view!
j - a scroll labelled AWOME TOUPOTEQ
Found a stone staircase leading up.
k - a scroll labelled XYPTUL YVIPH You now have 37 gold pieces (gained 1).
You now have 38 gold pieces (gained 1).
You now have 39 gold pieces (gained 1).
You now have 40 gold pieces (gained 1).
c - 2 golden potions (gained 1)
You now have 41 gold pieces (gained 1).
You now have 42 gold pieces (gained 1).
You now have 43 gold pieces (gained 1).
You see here a +0 dagger.
A giant cockroach comes into view.
A quokka comes into view.
The giant cockroach bites you. The giant cockroach barely misses you.
Found 12 gold pieces.
You hit the giant cockroach but do no damage.
The giant cockroach closely misses you. The quokka barely misses you.
You riposte.
You hit the quokka but do no damage. You hit the giant cockroach.
You kill the giant cockroach!
The quokka misses you.
You riposte.
You hit the quokka.
The quokka is severely wounded.
You hit the quokka.
You kill the quokka!
No target in view!
No target in view!
You see here a +0 dagger.
You see here a ball python corpse.
There is an opulent altar of Gozag here.
You kneel at the altar of Gozag.
Gozag welcomes you!
You pay a service fee of 22 gold.
You see here a +0 dagger.
You see here a giant cockroach corpse.
An ooze comes into view.
An ooze is nearby!
An ooze is nearby!
An ooze is nearby!
Found a stone staircase leading down.
The ooze quivers.
Found a robe.
You hit the ooze.
You kill the ooze!
No target in view!
No target in view!
You now have 26 gold pieces (gained 5).
You now have 38 gold pieces (gained 12).
A dart slug comes into view.
The dart slug launches a dart at you. The slug dart hits you.
A dart slug is nearby!
A dart slug is nearby!
You start resting.
A dart slug is nearby!
You hit the dart slug.
The dart slug is heavily wounded.
The dart slug launches a dart at you. The slug dart hits you.
* * * LOW HITPOINT WARNING * * *
You are too injured to fight recklessly!
You are too injured to fight recklessly!
You hit the dart slug.
The dart slug is almost dead.
The dart slug bites you.
* * * LOW HITPOINT WARNING * * *
You hit the dart slug.
You kill the dart slug!
You start resting.
HP restored.
You now have 46 gold pieces (gained 8).
Found a long sword.
Found a stone staircase leading down.
There is a stone staircase leading down here.
f - 2 scrolls labelled CALLEUFOPA (gained 1)
A frilled lizard comes into view.
The frilled lizard hisses angrily.
Found a spear.
You see here a +0 long sword.
l - a +0 long sword The frilled lizard bites you but does no damage.
You hit the frilled lizard.
You kill the frilled lizard!
You have reached level 3!
Your experience leads to an increase in your attributes!
Increase (S)trength, (I)ntelligence, or (D)exterity?
You feel stronger.
A jackal comes into view.
You see here 5 gold pieces.
A jackal is nearby!
A jackal is nearby!
A jackal is nearby!
The jackal barks!
You hear a bark!
A jackal comes into view. x2
A goblin comes into view. It is wielding a +0 dagger.
The goblin shouts!
The jackal barks!
You hear an angry hiss.
A jackal comes into view.
A hobgoblin comes into view.
The hobgoblin shouts!
You completely miss the jackal. The jackal misses you.
You hit the jackal but do no damage.
The jackal bites you but does no damage.
The jackal becomes distracted by the nearby gold, dreaming of imaginary riches.
The jackal barely misses you.
You closely miss the jackal. The jackal barely misses you.
You closely miss the jackal. The jackal bites you. x2
The jackal becomes distracted by the nearby gold, dreaming of imaginary riches.
The jackal barely misses you.
You riposte.
You barely miss the jackal. The jackal barely misses you.
You riposte.
You closely miss the jackal.
The jackal barks!
You hit the jackal.
The jackal is almost dead.
The jackal closely misses you.
The jackal bites you but does no damage.
An adder comes into view.
A dart slug comes into view.
An ooze comes into view.
The jackal misses you.
You riposte.
You barely miss the jackal.
The jackal bites you but does no damage.
You completely miss the jackal.
The jackal is almost dead.
The jackal closely misses you.
The jackal bites you but does no damage.
You miss the jackal.
The jackal is almost dead.
The ooze quivers.
The jackal is no longer distracted by gold.
The jackal bites you. x2; The jackal closely misses you.
The jackal bites you but does no damage.
You closely miss the jackal.
The jackal is almost dead.
The jackal is no longer distracted by gold.
The jackal bites you but does no damage. x2
The jackal closely misses you.
The jackal bites you but does no damage.
You see here a +0 robe.
The jackal closely misses you.
The jackal bites you but does no damage.
The jackal bites you but does no damage.
You barely miss the jackal.
The jackal bites you but does no damage.
The jackal barely misses you.
You hit the jackal.
You kill the jackal!
The jackal bites you.
You hit the jackal.
The jackal is heavily wounded.
The jackal bites you but does no damage.
You completely miss the jackal.
The jackal is heavily wounded.
The jackal bites you.
The jackal bites you but does no damage.
The goblin becomes distracted by the nearby gold, dreaming of imaginary riches.
You barely miss the jackal.
The jackal is heavily wounded.
The jackal bites you but does no damage.
The goblin shouts!
You hit the jackal but do no damage.
The jackal is heavily wounded.
The jackal bites you but does no damage. x2
You closely miss the jackal.
The jackal is heavily wounded.
The jackal bites you but does no damage. x2
You hit the jackal.
The jackal is severely wounded.
The goblin is no longer distracted by gold.
The jackal bites you but does no damage.
You barely miss the jackal.
The jackal is severely wounded.
The jackal misses you. The jackal bites you.
The goblin becomes distracted by the nearby gold, dreaming of imaginary riches.
The goblin shouts!
You hit the jackal.
You kill the jackal!
You barely miss the jackal.
The jackal is almost dead.
The jackal bites you.
* * * LOW HITPOINT WARNING * * *
The jackal bites you but does no damage.
The goblin is no longer distracted by gold.
The jackal bites you.
* * * LOW HITPOINT WARNING * * *
You see here a quokka skeleton.
The jackal barely misses you.
You riposte.
You closely miss the jackal.
The jackal is almost dead.
The jackal barely misses you.
There is a stone staircase leading up here.
The jackal bites you.
* * * LOW HITPOINT WARNING * * *
The jackal bites you.
* * * LOW HITPOINT WARNING * * *
You climb upwards.
There is a stone staircase leading down here.
You closely miss the jackal.
The jackal is almost dead.
The jackal bites you but does no damage.
The jackal bites you.
* * * LOW HITPOINT WARNING * * *
The jackal bites you but does no damage.
The jackal bites you.
You die...
Your body crumbles into a pile of gold.

............#########....##.#
...................##.....#.###
..รท.........######.##.........#
........#'##### #.####'#.#.#.#
..#####.#.....# #.# #.#.#.#.# ..#
#.#####.# #.# #.#.#.#.# ..# #.#
#.# #.# #.#.#.#.#
..#####.#####.####.# #.#.#.#.#
...............h@#.# #.#.#.#.#
.#.####.###.#.##h#.# #...#.#.###
.#.## #.# #.#.##.#'########.#....
.#..# #.# #.#.##.......# #.#####
.##.# #.###'#.##.......# #.....#
.##.###.#.....##.......####.###.#
........#........#............#.#
####.####....#...###.########.#.#
.............##..........# #.#.#


You could see 2 jackals.

Vanquished Creatures
  A dart slug (D:2)
  5 bats
  2 giant cockroaches
  A goblin (D:1)
  2 hobgoblins (D:1)
  2 jackals (D:2)
  3 oozes
  2 quokkas
  4 ball pythons
  A frilled lizard (D:2)
  2 kobolds (D:2)
  2 rats (D:1)
27 creatures vanquished.

Notes
Turn   | Place    | Note
-------+----------+-------------------------------------------
     0 | D:1      | sleeves the Deep Elf Wanderer began the quest for the Orb.
     0 | D:1      | sleeves set off with the following items: a +2 falchion, a
                  | scroll of teleportation, a +0 robe, a +0 dagger; and the
                  | following spell memorised: Corona; and the following spells
                  | available to memorise: Inner Flame
     0 | D:1      | Reached XP level 1. HP: 12/12 MP: 6/6
   125 | D:1      | Reached skill level 2 in Long Blades
   567 | D:1      | Reached XP level 2. HP: 16/16 MP: 8/8
  1454 | D:2      | Found an opulent altar of Gozag.
  1461 | D:2      | Reached skill level 3 in Long Blades
  1568 | D:2      | Became a worshipper of Gozag Ym Sagoz the Greedy
  1640 | D:2      | HP: 8/16 [dart slug/slug dart (5)]
  1828 | D:2      | Reached XP level 3. HP: 20/20 MP: 9/9
  1866 | D:2      | HP: 10/20 [jackal (1)]
  1873 | D:2      | HP: 5/20 [jackal (3)]
  1875 | D:1      | HP: 2/20 [jackal (2)]
  1875 | D:1      | Slain by a jackal

Illustrated notes

Levels and vault maps discovered:
D:1:      ebering_hopf_link, layout_basic
D:2:      layout_rooms, grunt_gozag_breadcrumbs

Skill      XL: |  1  2 |
---------------+-------+-----
Long Blades    | 2 3 |  3.2
Fighting       | |  1.5
Dodging        | |  0.2
Stealth        | |  2.4
Shields        | |  1.0
Spellcasting   | |  3.0
Transmutations | |  1.1

Action                   || total
-------------------------++-------
Melee: Falchion          ||    61
 Stab: Sleeping          ||     3
Armor: Leather armour    ||    14
       Ring mail         ||    29
Dodge: Dodged            ||    35
       Rpst.: Falchion   ||     9

Table legend: (Time is in decaauts)
 A = Elapsed time spent in this place.
 B = Non-inter-level travel time spent in this place.
 C = Inter-level travel time spent in this place.
 D = Time resting spent in this place.
 E = Time spent auto-exploring this place.
 F = Levels seen in this place.
 G = Mean time per level.
                   A        B        C        D        E       F      G
               +--------+--------+--------+--------+--------+-----+--------+
         Total |   1884 |   1846 |     38 |    352 |   1245 |   2 |  942.0 |
       Dungeon |   1884 |   1846 |     38 |    352 |   1245 |   2 |  942.0 |
               +--------+--------+--------+--------+--------+-----+--------+

Top non-repeatable levels by time:
     D:1: 1323 daAuts
     D:2: 560 daAuts
